 Dungeon Crawl Stone Soup version 0.32-a0-377-g951292165a (webtiles) character file.

Game seed: 14413198499764586475

1110 Ethylacetat the Sneak (level 8, -1/55 HPs)
             Began as an Octopode Brigand on Feb 19, 2024.
             Was a Priest of Uskayaw.
             Slain by a hornet zombie (2 damage)
             ... on level 3 of the Dungeon.
             The game lasted 00:12:49 (3807 turns).

Ethylacetat the Sneak (Octopode Brigand)            Turns: 3807, Time: 00:12:51

Health: -1/55      AC:  1    Str: 11 (14) XL:     8   Next: 33%
Magic:  0/3        EV: 12    Int: 11 (14) God:    Uskayaw [***...]
Gold:   275        SH:  0    Dex: 12 (15) Spells: 10/10 levels left

rFire   + . .        q - +8 sling of Paizxaugg {antimagic, Fly rC- Str+4}
rCold   x . .        (no shield)
rNeg    . . .        (helmet currently unavailable)
rPois   .            (no amulet)
rElec   .            s - ring of protection from fire
rCorr   .            (no ring)
SInv    .            (no ring)
Will    .....        (no ring)
Stlth   ++++         (no ring)
HPRegen 0.29/turn    (no ring)
MPRegen 0.08/turn    (no ring)
                     (no ring)

%: no passive effects
@: mighty, beast-form, flying
A: beast (slay +2), almost no armour, amphibious, 8 rings, camouflage 1,
gelatinous body 1, (nimble swimmer 1), tentacles
a: Begin Untransformation, Renounce Religion, Stomp, Line Pass


You were on level 3 of the Dungeon.
You worshipped Uskayaw.
Uskayaw was noncommittal.
You were a hulking beast.
You visited 2 branches of the dungeon, and saw 6 of its levels.

You collected 275 gold pieces.

Inventory:

Hand Weapons
 a - a +2 dagger
 q - the +8 sling of Paizxaugg (weapon) {antimagic, Fly rC- Str+4}
   (You found it on level 3 of the Dungeon)

   Str+4:     It affects your strength (+4).
   rC-:       It makes you vulnerable to cold.
   Fly:       It grants you flight.
Missiles
 b - 17 poisoned darts
 c - 3 curare-tipped darts
Jewellery
 s - a ring of protection from fire (left tentacle)
Talismans
 o - a beast talisman (active)
Wands
 l - a wand of mindburst (11)
Scrolls
 d - a scroll of blinking
 e - 3 scrolls of teleportation
 f - a scroll of amnesia
 g - 2 scrolls of fog
 h - 2 scrolls of identify
 m - a scroll of immolation {unknown}
 p - a scroll of enchant armour {unknown}
 v - a scroll of summoning {unknown}
Potions
 i - a potion of might
 t - a potion of brilliance {unknown}
 u - a potion of invisibility {unknown}


   Skills:
 + Level 5.1 Fighting
 - Level 3.0 Short Blades
 - Level 2.0 Throwing
 - Level 1.1 Dodging
 - Level 6.3 Stealth
 + Level 3.7 Unarmed Combat
 - Level 1.8 Spellcasting
 * Level 5.1 Shapeshifting


You had 10 spell levels left.
You didn't know any spells.
Your spell library contained the following spells:

 Spells                   Type           Power      Damage    Failure   Level
 Call Imp                 Summ           2%         N/A       41%         2
 Sublimation of Blood     Necr           1%         N/A       41%         2
 Inner Flame              Hex/Fire       1%         N/A       65%         3
 Flame Wave               Conj/Fire      1%         2d4       96%         4
 Sticky Flame             Fire/Alch      1%         2d4       96%         4
 Summon Hydra             Summ           0%         N/A       100%        7


Dungeon Overview and Level Annotations

Branches:
Dungeon (5/15)             Temple (1/1) D:4

Altars:
Ashenzari
Cheibriados
Elyvilon
Fedhas
Kikubaaqudgha
Makhleb
Nemelex Xobeh
Okawaru
Qazlal
Ru
Sif Muna
Trog
Uskayaw
Vehumet
Wu Jian
Xom
Yredelemnul
Zin
The Shining One

Annotations:
D:3 1 transporter
D:4 2 transporters, Drangen's ghost, novice GrEE


Innate Abilities, Weirdness & Mutations

You are a hulking beast.
Your limbs bulge with bestial killing power. (Slay +2)
You cannot wear most types of armour.
You are amphibious.
You can wear up to eight rings at the same time.
Your skin changes colour to match your surroundings (Stealth+).
Your rubbery body absorbs attacks. (AC +1, EV +1)
((You are camouflaged when in or above water. (Stealth+)))
You have tentacles for arms and can constrict up to eight enemies at once.


Message History

Press: ? - help, Q - select action, (/) - cycle Shift-Dir - straight line, f - hornet zombie
Aim: a hornet zombie (71% to hit)
You shoot a sling bullet.
The sling bullet hits the hornet zombie!
The hornet zombie is moderately damaged.
The hornet zombie barely misses you. x2
Uskayaw will force your foes to share their pain.
Uskayaw links your audience in an emotional bond!
Fire: q) +8 sling of Paizxaugg {antimagic, Fly rC- Str+4}
Press: ? - help, Q - select action, (/) - cycle Shift-Dir - straight line, f/p - hornet zombie
Aim: a hornet zombie (moderately damaged, sharing its pain, 71% to hit)
You shoot a sling bullet.
The sling bullet barely misses the hornet zombie.
The sling bullet hits the centaur zombie!
You destroy the centaur zombie!
The hornet zombie barely misses you. The hornet zombie hits you.
Fire: q) +8 sling of Paizxaugg {antimagic, Fly rC- Str+4}
Press: ? - help, Q - select action, (/) - cycle Shift-Dir - straight line, f/p - hornet zombie
Aim: a hornet zombie (heavily damaged, sharing its pain, 71% to hit)
You shoot a sling bullet.
The sling bullet hits the hornet zombie.
The hornet zombie is heavily damaged.
The hornet zombie is no longer sharing its pain. x2
The hornet zombie hits you. x2
* * * LOW HITPOINT WARNING * * *
Fire: q) +8 sling of Paizxaugg {antimagic, Fly rC- Str+4}
Press: ? - help, Q - select action, (/) - cycle Shift-Dir - straight line, f/p - hornet zombie
Aim: a hornet zombie (heavily damaged, 71% to hit)
You shoot a sling bullet.
The sling bullet barely misses the hornet zombie.
The sling bullet hits the hornet zombie.
The hornet zombie is severely damaged.
The hornet zombie barely misses you.
You stomp with the beat, sending a shockwave through the revellers around you!
The hornet zombie is severely damaged.
The hornet zombie hits you!
* * * LOW HITPOINT WARNING * * *
The hornet zombie hits you.
You die...
Your body falls in perfect tune with the rhythm.

# #.#.................# #.#####..
# #.#........©........# #........
# #.#..#############..# ####.###.
# #.#..#...........#..# #.# #.
###.#..#...).......#..# #.###.
....#.(#..##...##..#..# #.....
.####..#..#ß...ß#..#..# ####.. .#
#..#..##...##..#..# #.. .#
#..#.....©ZZh..#).# #.. .#
#..#..##...##..#..## #.. .# ##..#
#ß...ß#..#...########.. .# #...#
##...##..#............. .###...#
.......z..#...########.# .#.....#
...([....©#...# #.#
.#.##..#############...########.#
...##........©.........#........#
##.##..................#.########


You could see 2 hornet zombies.

Vanquished Creatures
  Grinder (D:5)
  The ghost of emmisofia the Cudgeller, an amateur MiBe of Trog (D:3)
  2 ice beasts (D:5)
  An ogre (D:5)
  A bullfrog (D:4)
  A wight (D:3)
  A centaur zombie (D:3)
  An orc priest (D:3)
  2 bombardier beetles
  A hound (D:4)
  A jelly (D:5)
  An iguana (D:4)
  3 gnolls (D:4)
  5 adders
  2 dart slugs
  A ribbon worm (D:2)
  12 orcs
  3 ball pythons
  7 endoplasms
  2 giant cockroaches
  8 hobgoblins
  6 kobolds
  4 quokkas
  5 bats
  A frilled lizard (D:1)
  4 goblins
  4 rats
81 creatures vanquished.

Notes
Turn   | Place    | Note
-------+----------+-------------------------------------------
     0 | D:1      | Ethylacetat the Octopode Brigand began the quest for the
                  | Orb.
     0 | D:1      | Reached XP level 1. HP: 14/14 MP: 1/1
   169 | D:1      | Reached XP level 2. HP: 18/19 MP: 2/2
   577 | D:1      | Reached XP level 3. HP: 25/25 MP: 2/4
   844 | D:2      | Reached skill level 1 in Spellcasting
  1426 | D:3      | Reached skill level 6 in Stealth
  1426 | D:3      | Reached XP level 4. HP: 30/30 MP: 4/6
  1569 | D:3      | Reached XP level 5. HP: 16/36 MP: 7/7
  1892 | D:3      | Found a transporter.
  1911 | D:3      | Noticed emmisofia's ghost (amateur MiBe)
  1937 | D:3      | Identified the +8 sling of Paizxaugg {antimagic, Fly rC-
                  | Str+4}
  2084 | D:3      | Found a transporter.
  2223 | D:4      | Reached skill level 1 in Shapeshifting
  2261 | D:4      | Reached skill level 1 in Unarmed Combat
  2265 | D:4      | Reached XP level 6. HP: 29/42 MP: 2/8
  2501 | D:4      | Found a transporter.
  2505 | D:4      | Found a transporter.
  2511 | D:4      | Noticed Drangen's ghost (novice GrEE)
  2563 | D:4      | Identified the +2 ring mail of Orthodoxy {*Corrode rElec
                  | rN+ Will++}
  2656 | D:4      | Found a staircase to the Ecumenical Temple.
  2679 | Temple   | Entered the Ecumenical Temple
  2766 | Temple   | Became a worshipper of Uskayaw the Reveller
  3001 | D:5      | Entered Level 5 of the Dungeon
  3005 | D:5      | Noticed an ice beast
  3006 | D:5      | Reached * piety under Uskayaw
  3008 | D:5      | Reached ** piety under Uskayaw
  3022 | D:5      | Noticed an ice beast
  3028 | D:5      | Killed an ice beast
  3028 | D:5      | Reached *** piety under Uskayaw
  3029 | D:5      | Reached XP level 7. HP: 26/48 MP: 3/9
  3220 | D:5      | Noticed Grinder
  3226 | D:5      | Killed Grinder
  3316 | D:5      | Identified the +2 robe "Ryochoem" {rF++ Slay+2}
  3434 | D:5      | Reached XP level 8. HP: 21/54 MP: 3/10
  3795 | D:3      | Killed emmisofia's ghost
  3796 | D:3      | Reached skill level 5 in Fighting
  3797 | D:3      | HP: 2/55 [centaur zombie (2)]
  3803 | D:3      | Reached skill level 5 in Shapeshifting
  3803 | D:3      | Reached **** piety under Uskayaw
  3807 | D:3      | HP: 1/55 [hornet zombie (12)]
  3807 | D:3      | Slain by a hornet zombie

Illustrated notes

Levels and vault maps discovered:
D:1:      minmay_arrival_floating_metal, layout_basic
D:2:      layout_basic
D:3:      layout_loops_ring, gammafunk_ghost_mausoleum
D:4:      layout_rooms, minmay_temple_entry_sparse_star,
          gammafunk_ghost_gnarly_gnolls
D:5:      layout_loops_cross, uniq_grinder
Temple:   hellmonk_temple_of_storms

Skill      XL: |  1  2  3  4  5  6  7  8 |
---------------+-------------------------+-----
Spellcasting   | 1 |  1.8
Stealth        | 6 |  6.3
Fighting       | 3 4 5 |  5.1
Short Blades   | 3 |  3.0
Shapeshifting  | 1 3 4 5 |  5.1
Unarmed Combat | 1 2 3 |  3.7
Throwing       | |  2.0
Dodging        | |  1.1

Action                     |  1- 3 |  4- 6 |  7- 9 || total
---------------------------+-------+-------+-------++-------
  Melee: Dagger            |    40 |    26 |       ||    66
         Tentacles         |     5 |     8 |       ||    13
         Constrict         |     6 |     9 |       ||    15
   Fire: Sling             |       |    74 |    38 ||   112
 Invoke: Stomp             |       |       |     2 ||     2
    Use: Scroll            |       |     5 |       ||     5
         Potion            |       |       |     5 ||     5
   Stab: Sleeping          |    15 |     4 |       ||    19
 Armour: Skin              |     8 |    18 |    21 ||    47
  Dodge: Dodged            |    12 |    32 |    18 ||    62
   Form: Beast             |       |     1 |       ||     1

Table legend: (Time is in decaauts)
 A = Elapsed time spent in this place.
 B = Non-inter-level travel time spent in this place.
 C = Inter-level travel time spent in this place.
 D = Time resting spent in this place.
 E = Time spent auto-exploring this place.
 F = Levels seen in this place.
 G = Mean time per level.
                   A        B        C        D        E       F      G
               +--------+--------+--------+--------+--------+-----+--------+
         Total |   3843 |   3680 |    163 |    100 |   2784 |   6 |  640.5 |
       Dungeon |   3745 |   3590 |    155 |    100 |   2784 |   5 |  749.0 |
        Temple |     97 |     89 |      8 |      0 |      0 |   1 |   97.0 |
               +--------+--------+--------+--------+--------+-----+--------+

Top non-repeatable levels by time:
     D:3: 801 daAuts
     D:5: 776 daAuts
     D:1: 764 daAuts
     D:4: 753 daAuts
     D:2: 650 daAuts
  Temple: 97 daAuts
